AoeStats
← BudgetBench6953

Arena

510250487Analyzed
1v1 RM · 10h ago on Sep 30, 2026· 24m 31s· 2 players
Game mode
Random Map
Map size
Tiny (2 player)
Population
200
Speed
Normal
Resources
Standard
Victory
Conquest
Starting age
Dark Age
Ending age
Imperial Age
RankedLock teamsTeams togetherTeam positionsShared explorationLock speedFull tech treeHidden civsTurbo modeCheats
Victory
Defeat
🇺🇸 Bulgarians · United States
892
+14
🇺🇸 Turks · United States
859
-14
SimpleJack
8:47 Loom
10:59 Feudal Age
12:07 Horse Collar
12:15 Double-Bit Axe
17:13 Man-at-Arms
21:04 Castle Age
BudgetBench6953
8:44 Loom
10:53 Feudal Age
14:52 Castle Age
20:50 Scale Barding Armor
Connection lost

Rejoining the realm…

Still unreachable

The connection could not be restored.

Session expired

The server has moved on; the page needs a fresh start.